 Dungeon Crawl Stone Soup version 0.17.1-3-g152610e (webtiles) character file.

608 Goblin1989 the Cruncher (level 7, -3/40 HPs)
             Began as a Gargoyle Gladiator on Mar 21, 2016.
             Was an Initiate of Cheibriados.
             Killed by divine providence
             ... invoked by an orc priest
              (16 damage)
             ... on level 6 of the Dungeon.
             The game lasted 00:15:46 (3664 turns).

Goblin1989 the Cruncher (Gargoyle Gladiator)        Turns: 3664, Time: 00:15:46

Health: -3/40      AC: 15    Str: 22    XL:     7   Next: 43%
Magic:  7/7        EV: 10    Int:  9    God:    Cheibriados [......]
Gold:   81         SH:  0    Dex: 11    Spells: 0 memorised, 6 levels left

rFire  . . .     SeeInvis .     a - +0 quarterstaff
rCold  + . .     Clarity  .     l - +3 scale mail {rC+}
rNeg   + . .     SustAt   +     (shield currently unavailable)
rPois  ∞         Gourm    .     c - +0 helmet
rElec  +         Spirit   .     w - +0 cloak
rCorr  .         Warding  .     (no gloves)
rMut   .         Stasis   .     (no boots)
MR     .....                    (no amulet)
Stlth  ..........               (no ring)
                                f - ring of sustain attributes

@: very slow, not resistant to hostile enchantments, extremely unstealthy
A: negative energy resistance 1, electricity resistance, unbreathing,
petrification resistance, rot immunity, AC +4
a: Bend Time, Renounce Religion


You were on level 6 of the Dungeon.
You worshipped Cheibriados.
Cheibriados was noncommittal.
You were not hungry.

You visited 1 branch of the dungeon, and saw 6 of its levels.

You collected 81 gold pieces.

Inventory:

Hand Weapons
 a - a +0 quarterstaff (weapon)
 v - a +2 quarterstaff of chaos
Armour
 c - a +0 helmet (worn)
 j - a +0 plate armour
 l - a +3 scale mail of cold resistance (worn)
 w - a +0 cloak (worn)
Jewellery
 d - an uncursed amulet of resist mutation {unknown}
 f - a ring of sustain attributes (left hand)
Wands
 u - a wand of polymorph (8)
 C - a wand of frost (48)
Scrolls
 b - 3 scrolls of recharging
 m - a scroll of remove curse
Potions
 g - 2 potions of curing {unknown}
 h - 2 potions of might
 i - a potion of brilliance {unknown}
 o - a potion of agility
 p - a potion of degeneration {unknown}
 q - a potion of cancellation {unknown}
Comestibles
 e - 2 bread rations
 n - 2 meat rations
 r - 2 fruits


   Skills:
 - Level 2.1 Fighting
 * Level 8.4 Staves
 - Level 1.7 Throwing
 - Level 2.4 Dodging


You had 6 spell levels left.
You didn't know any spells.

Dungeon Overview and Level Annotations

Branches:
Dungeon (6/15)
 Temple: D:4-7

Altars:
Cheibriados
Fedhas
Gozag
Kikubaaqudgha
Trog
Xom

Shops:
D:4 (

Annotations:
D:4 Dowan, Duvessa, Grinder


Innate Abilities, Weirdness & Mutations

You are resistant to torment.
Your stone body is resilient (AC +4).
You are immune to poison.
You resist negative energy.
You are resistant to electric shocks.
You can survive without breathing.
You are immune to petrification.
You are immune to rotting.


Message History

The orc priest mumbles some strange prayers to Beogh against you.
Something smites you! The orc hits you but does no damage.
You hear a shout!
You barely miss the orc priest.
The orc priest is moderately wounded.
The orc priest looks braver for a moment.
You barely miss the orc priest.
The orc priest is moderately wounded.
The orc barely misses you. The orc priest hits you with a flail.
You completely miss the orc priest.
The orc priest is moderately wounded.
The orc barely misses you. The orc priest closely misses you.
You closely miss the orc priest.
The orc priest is moderately wounded.
You sock the orc priest!
The orc priest is almost dead.
The orc hits you but does no damage.
The orc priest mumbles some strange prayers to Beogh against you.
Something smites you!
You die...

######## .......#
.....#.##
####....######
##.#......######
#.######....@o#
#..........##o# ##
##########..#.##.##
##...#...#
###..#....#
#......o.#
##.##.##.# #.. ...
.o ###..#..#o


You could see an orc priest and an orc.

Vanquished Creatures
  A giant frog zombie (D:5)
  2 crimson imps (D:5)
  An orc priest (D:3)
  3 orc wizards
  Crazy Yiuf (D:2)
  An iguana (D:3)
  2 worker ants
  A hound zombie (D:5)
  6 adders
  9 gnolls
  2 shadow imps (D:5)
  An ooze (D:2)
  4 worms
  An adder skeleton (D:4)
  2 giant geckos
  6 orcs (D:3)
  11 bats
  3 giant cockroaches
  16 goblins
  12 hobgoblins
  7 kobolds
  3 quokkas
  5 giant newts
  7 jackals
  8 rats
115 creatures vanquished.

Notes
Turn   | Place    | Note
--------------------------------------------------------------
     0 | D:1      | Goblin1989 the Gargoyle Gladiator began the quest for the Orb.
     0 | D:1      | Reached XP level 1. HP: 12/12 MP: 1/1
    53 | D:1      | Reached XP level 2. HP: 15/17 MP: 2/2
    75 | D:1      | Reached skill level 4 in Staves
   150 | D:1      | Reached XP level 3. HP: 13/21 MP: 3/3
   633 | D:2      | Reached XP level 4. HP: 12/26 MP: 4/4
   853 | D:2      | Reached skill level 5 in Staves
  1329 | D:2      | Reached XP level 5. HP: 25/30 MP: 5/5
  1381 | D:2      | Found a shimmering altar of Xom.
  1807 | D:2      | Reached skill level 6 in Staves
  1856 | D:2      | Noticed Crazy Yiuf
  1865 | D:2      | Killed Crazy Yiuf
  2058 | D:3      | Reached XP level 6. HP: 35/35 MP: 6/6
  2134 | D:3      | Found an ancient bone altar of Kikubaaqudgha.
  2227 | D:3      | Reached skill level 7 in Staves
  2238 | D:3      | Found an opulent altar of Gozag.
  2456 | D:3      | Found a bloodstained altar of Trog.
  2475 | D:3      | Found a blossoming altar of Fedhas.
  2655 | D:4      | Found Luup's Antique Weapon Shoppe.
  2667 | D:4      | Noticed Grinder
  2667 | D:4      | Noticed Dowan
  2667 | D:4      | Paralysed by Grinder for 6 turns
  2668 | D:4      | Noticed Duvessa
  2679 | D:5      | Entered Level 5 of the Dungeon
  2971 | D:5      | Reached XP level 7. HP: 40/40 MP: 7/7
  2981 | D:5      | Found a snail-covered altar of Cheibriados.
  3014 | D:5      | Became a worshipper of Cheibriados the Contemplative
  3133 | D:5      | Reached skill level 8 in Staves
  3664 | D:6      | Killed from afar by an orc priest

Action                   |  1- 3 |  4- 6 |  7- 9 || total
-------------------------+-------+-------+-------++-------
Melee: Quarterstaff      |    81 |   276 |    68 ||   425
Throw: Throwing net      |       |     2 |       ||     2
  Use: Potion            |       |     2 |       ||     2
       Scroll            |       |       |     9 ||     9
 Stab: Held in net/web   |       |     1 |       ||     1
  Eat: Chunk             |       |     5 |     3 ||     8
       Pizza             |       |     1 |       ||     1
